 Dungeon Crawl Stone Soup version 0.26-a0-812-g31a745ddcd (webtiles) character file.

Game seed: 15690657259292970581

149 nicanaca0 the Chiller (level 5, 0/28 HPs)
             Began as a Gargoyle Ice Elementalist on Nov 23, 2020.
             Slain by a bullfrog (2 damage)
             ... in a sewer.
             The game lasted 00:04:15 (2809 turns).

nicanaca0 the Chiller (Gargoyle Ice Elementalist)   Turns: 2809, Time: 00:04:15

Health: 0/28       AC:  9    Str: 12    XL:     5   Next: 31%
Magic:  4/9        EV: 12    Int: 16    God:
Gold:   82         SH:  0    Dex: 16    Spells: 6/10 levels left

rFire    . . .     SeeInvis .   (no weapon)
rCold    . . .     Faith    .   (no shield)
rNeg     + . .     Spirit   .   a - +0 robe
rPois    ∞         Reflect  .   j - +1 hat
rElec    +         Harm     .   f - +0 cloak
rCorr    .         Rampage  .   (no gloves)
MR       .....                  i - +0 pair of boots
Stlth    ++........             (no amulet)
HPRegen  0.09/turn              o - +6 ring of dexterity
MPRegen  0.11/turn              (no ring)

@: no status effects
A: negative energy resistance 1, electricity resistance, unbreathing,
petrification resistance, rot immunity, AC +4
a: no special abilities


You were in a sewer.
You visited 1 branch of the dungeon, and saw 3 of its levels.
You also visited: Sewer.

You collected 82 gold pieces.

Inventory:

Missiles
 m - 8 atropa-tipped darts (quivered)
 n - 15 sling bullets
Armour
 a - a +0 robe (worn)
 f - a +0 cloak (worn)
 i - a +0 pair of boots (worn)
 j - a +1 hat (worn)
Jewellery
 b - an uncursed ring of fire
 o - a +6 ring of dexterity (left hand)
Scrolls
 d - 2 scrolls of teleportation
 g - a scroll of fog {unknown}
 h - a scroll of blinking {unknown}
Potions
 c - a potion of invisibility {unknown}
 k - a potion of attraction {unknown}
 l - 2 potions of brilliance {unknown}


   Skills:
 - Level 1.5 Dodging
 - Level 2.1 Stealth
 + Level 3.2 Spellcasting
 * Level 5.7 Ice Magic


You had 6 spell levels left.
You knew the following spells:

 Your Spells              Type           Power        Failure   Level
a - Freeze                Ice            ###.         1%          1
b - Frozen Ramparts       Ice            ###...       5%          3

Your spell library contained the following spells:

 Spells                   Type           Power        Failure   Level
 Ozocubu's Armour         Ice            ###.....     5%          3
 Hailstorm                Conj/Ice       ##......     50%         4
 Summon Ice Beast         Ice/Summ       ##......     50%         4


Dungeon Overview and Level Annotations

Branches:
Dungeon (3/15)              Sewer (1/1)

Altars:
Elyvilon


Innate Abilities, Weirdness & Mutations

You are resistant to torment.
Your stone body is resilient. (AC +4)
You are immune to poison.
You resist negative energy. (rN+)
You are resistant to electric shocks. (rElec)
You can survive without breathing.
You are immune to petrification.
You are immune to rotting.


Message History

Casting: Freeze (safe; 1% risk of failure)
Confirm with . or Enter, or press ? or * to list all spells.
Aiming: Freeze (safe; 1% risk of failure)
Press: ? - help, Shift-Dir - straight line, f/p - bullfrog
Aim: a bullfrog (heavily wounded, slow)
You freeze the bullfrog.
The bullfrog is severely wounded.
The bullfrog hits you. x2
Casting: Freeze (safe; 1% risk of failure)
Confirm with . or Enter, or press ? or * to list all spells.
Aiming: Freeze (safe; 1% risk of failure)
Press: ? - help, Shift-Dir - straight line, f/p - bullfrog
Aim: a bullfrog (severely wounded, slow)
You freeze the bullfrog.
The bullfrog is severely wounded.
The bullfrog seems to slow down.
The bullfrog hits you!
* * * LOW HITPOINT WARNING * * *
The bullfrog hits you but does no damage.
The bullfrog hits you.
You die...

≈.# #≈≈≈≈.# ≈.# ########
#.≈≈≈.# ≈≈# ###≈≈≈≈≈≈####
#≈≈≈≈.# ≈≈#
≈≈≈≈≈≈≈≈≈≈≈≈####≈≈≈≈.# ≈≈#
##≈≈≈≈≈≈≈≈≈≈≈≈≈≈≈##≈≈≈≈≈# ≈≈#
##≈≈≈≈≈≈≈≈≈≈≈≈∩≈≈≈≈#≈≈≈≈≈# ≈≈#
#≈≈≈≈≈≈≈≈.≈≈≈...≈≈≈≈≈≈≈≈.# ≈≈#
#≈≈≈≈≈≈≈.[FF.≈≈≈≈≈≈≈≈≈≈≈≈# ≈≈#
#≈≈≈≈≈≈.$?[@...≈≈≈≈≈≈≈≈≈.# ≈≈#
#≈≈≈≈≈≈≈≈:≈≈..≈≈≈≈≈≈≈≈≈≈.# ≈.#
#≈≈≈≈≈≈≈≈...≈≈≈≈≈≈≈≈≈≈≈≈.# ≈.#
#≈≈≈≈≈≈≈≈≈≈≈≈≈≈≈≈≈≈≈≈≈≈.# ≈≈#
#≈≈≈≈≈≈≈≈≈≈≈≈≈≈≈≈≈≈.≈≈≈≈#
≈≈#######≈≈≈≈≈≈≈≈≈≈≈≈≈≈≈≈.≈≈≈.#
≈.≈≈....†....≈≈≈≈≈≈≈≈≈≈..≈≈≈≈.#
≈≈≈≈≈≈≈≈≈≈≈≈≈≈≈≈≈≈≈≈≈≈≈≈≈≈≈≈≈.#
≈≈≈≈≈≈≈≈≈≈≈≈≈≈≈≈≈≈≈≈≈≈≈≈≈≈≈≈≈.#


You could see 2 bullfrogs.

Vanquished Creatures
  7 adders
  A river rat (D:3)
  A worm (D:3)
  3 leopard geckos (Sewer)
  3 ball pythons
  6 bats (D:2)
  4 giant cockroaches
  9 goblins
  4 hobgoblins
  10 jackals
  A quokka (D:3)
  8 frilled lizards
  7 kobolds
  8 rats
72 creatures vanquished.

Notes
Turn   | Place    | Note
-------+----------+-------------------------------------------
     0 | D:1      | nicanaca0 the Gargoyle Ice Elementalist began the quest for
                  | the Orb.
     0 | D:1      | Reached XP level 1. HP: 10/10 MP: 3/3
   632 | D:1      | Reached XP level 2. HP: 11/15 MP: 3/5
  1063 | D:2      | Reached XP level 3. HP: 13/19 MP: 1/6
  1123 | D:2      | Learned a level 3 spell: Frozen Ramparts
  1166 | D:2      | Found a white marble altar of Elyvilon.
  1508 | D:2      | Reached skill level 5 in Ice Magic
  1664 | D:2      | Reached XP level 4. HP: 24/24 MP: 5/8
  2354 | D:3      | Reached XP level 5. HP: 11/28 MP: 0/9
  2356 | D:3      | Found a glowing drain.
  2379 | Sewer    | Entered a sewer
  2809 | Sewer    | Slain by a bullfrog

Illustrated notes

Levels and vault maps discovered:
D:1:      saegor_arrival_miasma, layout_loops_ring
D:2:      layout_basic, elyvilon_altar_5
D:3:      layout_loops_ring, nicolae_overflow_crystal_walls,
          lightli_sewer_entry_pipes, grunt_ministairs_14, uniq_ijyb,
          uniq_jessica, uniq_robin
Sewer:    sewer_frog_island_01

Skill      XL: |  1  2  3  4 |
---------------+-------------+-----
Ice Magic      | 5 |  5.7
Spellcasting   | 3 |  3.2
Dodging        | |  1.5
Stealth        | |  2.1

Action                   |  1- 3 |  4- 6 || total
-------------------------+-------+-------++-------
Melee: Unarmed           |    21 |    41 ||    62
 Cast: Freeze            |    44 |    52 ||    96
       Frozen Ramparts   |       |     2 ||     2
  Use: Scroll            |       |     2 ||     2
Armor: Robe              |    21 |    36 ||    57
Dodge: Dodged            |    41 |    51 ||    92

Table legend: (Time is in decaauts)
 A = Elapsed time spent in this place.
 B = Non-inter-level travel time spent in this place.
 C = Inter-level travel time spent in this place.
 D = Time resting spent in this place.
 E = Time spent auto-exploring this place.
 F = Levels seen in this place.
 G = Mean time per level.
                   A        B        C        D        E       F      G
               +--------+--------+--------+--------+--------+-----+--------+
         Total |   2852 |   2780 |     72 |    265 |   1963 |   4 |  713.0 |
       Dungeon |   2387 |   2315 |     72 |    108 |   1782 |   3 |  795.7 |
         Sewer |    465 |    465 |      0 |    157 |    181 |   1 |  465.0 |
               +--------+--------+--------+--------+--------+-----+--------+

Top non-repeatable levels by time:
     D:2: 1243 daAuts
     D:1: 977 daAuts
   Sewer: 465 daAuts
     D:3: 166 daAuts
